 Dungeon Crawl Stone Soup version 0.24-a0-459-g225fefd530 (webtiles) character file.

Game seed: 1601565266861773457

1468 mhoghedin the Tainter (level 8, -4/51 HPs)
             Began as an Octopode Venom Mage on June 30, 2019.
             Was an Initiate of Ru.
             Slain by an ice beast (11 damage)
             ... on level 5 of the Dungeon.
             The game lasted 00:14:16 (6402 turns).

mhoghedin the Tainter (Octopode Venom Mage)         Turns: 6402, Time: 00:14:16

Health: -4/51      AC:  1    Str:  7    XL:     8   Next: 77%
Magic:  16/16      EV: 14    Int: 19    God:    Ru [......]
Gold:   273        SH:  4    Dex: 13    Spells: 3/18 levels left

rFire    . . .     SeeInvis .   m - +3 spear
rCold    . . .     Gourm    .   (no shield)
rNeg     . . .     Faith    .   (helmet restricted)
rPois    +         Spirit   .   a - amulet of the acrobat
rElec    .         Reflect  .   h - ring of flight {+Fly, !d}
rCorr    .         Harm     .   (no ring)
MR       .....                  (no ring)
Stlth    +++.......             (no ring)
HPRegen  0.17/turn              (no ring)
MPRegen  0.15/turn              (no ring)
                                (no ring)
                                (no ring)

@: no status effects
A: almost no armour, stealthy swim, amphibious, 8 rings, constrict 8, large bone
plates 1, camouflage 1, poison resistance, gelatinous body 1, MP-powered wands
a: Renounce Religion, Evoke Flight


You were on level 5 of the Dungeon.
You worshipped Ru.
Ru was noncommittal.
You were hungry.

You visited 1 branch of the dungeon, and saw 6 of its levels.

You collected 273 gold pieces.

Inventory:

Hand Weapons
 m - a +3 spear (weapon)
   (You found it on level 2 of the Dungeon)
Missiles
 p - a throwing net {=f, !d}
Jewellery
 a - an amulet of the acrobat (around mantle)
   (You found it on level 5 of the Dungeon)
 f - a +2 amulet of reflection
   (You found it on level 1 of the Dungeon)
 h - a ring of flight (left tentacle) {+Fly, !d}
   (You found it on level 3 of the Dungeon)
Scrolls
 d - 2 scrolls of teleportation {unknown}
 e - 3 scrolls of blinking {!r}
 g - 4 scrolls of identify
 i - 2 scrolls of enchant weapon {unknown}
 j - 3 scrolls of remove curse
 k - a scroll of fear {unknown}
 l - a scroll of magic mapping {unknown}
 n - a scroll of fog {unknown}
 r - 2 scrolls of immolation {unknown}
Potions
 c - 2 potions of flight
 o - a potion of brilliance
 q - a potion of heal wounds
Comestibles
 b - 9 rations


   Skills:
 + Level 2.6 Fighting
 + Level 2.6 Polearms
 + Level 3.5 Dodging
 - Level 2.6 Stealth
 - Level 5.7 Spellcasting
 - Level 1.8 Conjurations
 - Level 9.0 Poison Magic


You had 3 spell levels left.
You knew the following spells:

 Your Spells              Type           Power        Failure   Level  Hunger
a - Sting                 Conj/Pois      ####         1%          1    None
b - Poisonous Vapours     Pois/Air       ###...       2%          2    None
c - Olgreb's Toxic Radia  Pois           #####...     2%          4    ####...
d - Venom Bolt            Conj/Pois      ####......   34%         5    #####..
x - Mephitic Cloud        Conj/Pois/Air  ###.....     8%          3    ##.....

Your spell library contained the following spells:

 Spells                   Type           Power        Failure   Level  Hunger


Dungeon Overview and Level Annotations

Branches:
Dungeon (6/15)
 Temple: D:4-7

Altars:
Ru

Shops:
D:6 }


Innate Abilities, Weirdness & Mutations

You cannot wear most types of armour.
You are very stealthy in the water. (Stealth+)
You are amphibious.
You can wear up to eight rings at the same time.
You can use your tentacles to constrict eight enemies at once.
Your skin changes colour to match your surroundings (Stealth+).
Your rubbery body absorbs attacks. (AC +1, EV +1)
You are partially covered in large bone plates. (SH +4)
Your system is resistant to poisons. (rPois)
You expend magic power (3 MP) to strengthen your wands.


Message History

You puncture the bullfrog skeleton! You grab the bullfrog skeleton.
You squeeze the bullfrog skeleton. You constrict the bullfrog skeleton.
The bullfrog skeleton closely misses you.
You hit the bullfrog skeleton. You squeeze the bullfrog skeleton!
You constrict the bullfrog skeleton.
The bullfrog skeleton closely misses you.
You hit the bullfrog skeleton. You constrict the bullfrog skeleton.
You destroy the bullfrog skeleton!
You start resting.
The jelly is too close now for your liking.
You regained 2 hp, and now have 33/51 hp.
You see here a quokka corpse.
You butcher the quokka corpse.
Things that are here:
a chunk of flesh {@w0}; a quokka skeleton Eat a chunk of flesh {@w0}? (ye/n/q)
You eat the chunk of flesh {@w0}.
A jelly is nearby!
There is a stone staircase leading up, spattered with blood here.
There is a stone staircase leading up, spattered with blood here.
You start resting.
The jelly is too close now for your liking.
You regained 9 hp, and now have 44/51 hp.
A jelly is nearby!
Attack whom?
Aim: a jelly (hasn't noticed you)
You reach to attack!
The jelly quivers.
You hit the jelly. You completely miss the jelly. You squeeze the jelly!
The jelly hits you.
You are splashed with acid!
You take 10 damage, and have 34/51 hp.
You hit the jelly.
Your tentacles burn!
You take 5 damage, and have 29/51 hp.
You are too injured to fight recklessly!
You are too injured to fight recklessly!
You hit the jelly.
You kill the jelly!
You start resting.
You are feeling hungry.
You regained 8 hp, and now have 37/51 hp.
You now have 273 gold pieces (gained 13).
a - a dented golden amulet You regained 2 hp, and now have 39/51 hp.
o - a potion of brilliance
g - 4 scrolls of identify (gained 1)
An ice beast comes into view.
An ice beast is nearby!
Attack whom?
Aim: an ice beast You reach to attack!
You closely miss the ice beast. You closely miss the ice beast.
The ice beast closely misses you.
You hit the ice beast. Your squeeze misses the ice beast.
The ice beast hits you. The ice beast freezes you!
You take 16 damage, and have 25/51 hp.
MASSIVE DAMAGE!!
You can't see any susceptible monsters within range! (Use Z to cast anyway.)
Okay, then.
Unknown command.
Unknown command.
You remove your +2 amulet of reflection.
Your injuries prevent the amulet from attuning itself.
a - an amulet of the acrobat (around mantle)
The ice beast closely misses you. The ice beast closely misses you.
A howler monkey comes into view.
The howler monkey moves out of view.
There is a stone staircase leading up here.
The ice beast closely misses you.
You barely miss the ice beast.
The ice beast hits you but does no damage.
You hit the ice beast. You barely miss the ice beast.
Your squeeze misses the ice beast. The ice beast hits you.
The ice beast freezes you!
You take 10 damage, and have 22/51 hp.
Unknown command.
You hit the ice beast but do no damage. The ice beast closely misses you.
You barely miss the ice beast. You squeeze the ice beast.
The ice beast barely misses you.
You closely miss the ice beast. The ice beast misses you.
You barely miss the ice beast. You squeeze the ice beast.
The ice beast closely misses you.
You hit the ice beast but do no damage. The ice beast hits you.
The ice beast freezes you!
* * * LOW HITPOINT WARNING * * *
You take 15 damage, and have 8/51 hp.
MASSIVE DAMAGE!!
Found an escape hatch in the ceiling.
Found a stone staircase leading up.
You block the quokka's attack. The quokka bites you.
* * * LOW HITPOINT WARNING * * *
The ice beast closely misses you.
You take 1 damage, and have 8/51 hp.
A howler monkey skeleton comes into view.
The quokka closely misses you. The quokka barely misses you.
The ice beast hits you.
* * * LOW HITPOINT WARNING * * *
The ice beast freezes you!
You die...

##.. .. ###... #... ...
#.... .# ......# #...
.... #.# ##.#####
#Z.##... #... #..####.
##....(.###.....##......
#...<..[........ #......
..........## #.###......
#....).@r..###..###.....
#.....#.Y..............#
#.... ##..............##
#### #.......#......###
##.............##.
###.#..#.##......
##...####......
#............#
#^....#......#


You could see an ice beast, a quokka and a howler monkey skeleton.

Vanquished Creatures
  Grinder (D:4)
  Duvessa (D:4)
  Edmund (D:4)
  A centaur (D:6)
  An ogre (D:4)
  Dowan (D:4)
  6 killer bees (D:6)
  A howler monkey (D:4)
  2 crimson imps
  A jelly (D:5)
  A bullfrog skeleton (D:5)
  An orc priest (D:2)
  3 orc wizards
  2 iguanas (D:4)
  A worker ant (D:4)
  A hound skeleton (D:4)
  4 gnolls (D:4)
  4 adders
  2 shadow imps
  An ooze (D:1)
  2 worms
  2 dart slugs
  3 leopard geckos
  11 orcs
  10 bats
  4 giant cockroaches
  8 goblins
  9 hobgoblins
  13 jackals
  5 kobolds
  3 quokkas
  5 ball pythons
  3 frilled lizards
  A quokka zombie (D:6)
  7 rats
122 creatures vanquished.

Notes
Turn   | Place    | Note
-------+----------+-------------------------------------------
     0 | D:1      | mhoghedin the Octopode Venom Mage began the quest for the
                  | Orb.
     0 | D:1      | Reached XP level 1. HP: 11/11 MP: 3/3
   161 | D:1      | Reached skill level 4 in Poison Magic
   202 | D:1      | Reached XP level 2. HP: 7/17 MP: 0/5
   718 | D:1      | HP: 4/17 [jackal (2)]
  1007 | D:1      | Learned a level 2 spell: Poisonous Vapours
  1339 | D:1      | Reached skill level 5 in Poison Magic
  1339 | D:1      | Reached XP level 3. HP: 18/21 MP: 0/6
  2072 | D:1      | Learned a level 3 spell: Mephitic Cloud
  2586 | D:2      | Reached XP level 4. HP: 21/27 MP: 7/7
  2801 | D:2      | HP: 5/27 [orc wizard/magic dart (4)]
  2803 | D:2      | Reached skill level 6 in Poison Magic
  2803 | D:2      | Reached XP level 5. HP: 6/31 MP: 0/9
  2813 | D:2      | HP: 5/31 [orc (2)]
  2944 | D:2      | Reached skill level 3 in Spellcasting
  2963 | D:2      | Learned a level 4 spell: Olgreb's Toxic Radiance
  3197 | D:3      | Found a sacrificial altar of Ru.
  3475 | D:3      | Reached XP level 6. HP: 36/36 MP: 1/11
  3772 | D:4      | You fall into a shaft and drop 2 floors!
  3820 | D:6      | Found Jineym's Gadget Shop.
  3828 | D:6      | Reached skill level 4 in Spellcasting
  3828 | D:6      | Reached skill level 7 in Poison Magic
  3929 | D:6      | Reached XP level 7. HP: 34/41 MP: 4/13
  3930 | D:6      | Reached skill level 8 in Poison Magic
  4093 | D:5      | Entered Level 5 of the Dungeon
  4095 | D:5      | Reached skill level 5 in Spellcasting
  4124 | D:4      | Noticed Duvessa
  4126 | D:4      | Noticed Dowan
  4138 | D:4      | HP: 4/41 [Duvessa/+0 short sword (12)]
  4142 | D:4      | Killed Duvessa
  4143 | D:4      | Killed Dowan
  4459 | D:3      | Became a worshipper of Ru the Awakened
  4541 | D:4      | Learned a level 5 spell: Venom Bolt
  4606 | D:4      | Reached XP level 8. HP: 43/46 MP: 16/16
  4640 | D:4      | HP: 3/46 [ogre/+0 giant club (22)]
  5023 | D:4      | Reached skill level 9 in Poison Magic
  5187 | D:4      | Noticed Grinder
  5291 | D:4      | Noticed Edmund
  5311 | D:4      | Killed Edmund
  5311 | D:4      | Reached skill level 1 in Fighting
  5311 | D:4      | Reached skill level 1 in Polearms
  5605 | D:4      | Gained mutation: You are partially covered in large bone
                  | plates. (SH +4) [potion of mutation]
  5605 | D:4      | Gained mutation: Your system is resistant to poisons.
                  | (rPois) [potion of mutation]
  5605 | D:4      | Gained mutation: You expend magic power (3 MP) to
                  | strengthen your wands. [potion of mutation]
  5615 | D:4      | Killed Grinder
  5615 | D:4      | Reached skill level 2 in Fighting
  5615 | D:4      | Reached skill level 2 in Polearms
  5615 | D:4      | Reached skill level 3 in Dodging
  6393 | D:5      | HP: 8/51 [ice beast (13)]
  6400 | D:5      | HP: 8/51 [quokka (1)]
  6402 | D:5      | Slain by an ice beast

Levels and vault maps discovered:
D:1:      giann_wishing_wells, layout_basic, st_stairs_12, minmay_cut_off
D:2:      layout_rooms, supply_closet_lemuel
D:3:      layout_rooms, first_ration, nicolae_ru_the_path_less_chosen
D:4:      layout_basic, serial_bayou, serial_bayou_pond_e, serial_bayou_ford_a,
          serial_bayou_pond_d, serial_bayou_shore_a,
          hangedman_abyss_or_decor_lesser_grid, uniq_grinder, uniq_duvessa,
          uniq_edmund
D:5:      layout_cave_pools
D:6:      layout_loops_corners, old_standard_altar, serial_shops,
          nicolae_shop_competitors_out_of_business

Skill      XL: |  1  2  3  4  5  6  7  8 |
---------------+-------------------------+-----
Poison Magic   | 4 5 6 7 8 9 |  9.0
Spellcasting   | 3 4 5 |  5.7
Fighting       | 2 |  2.6
Polearms       | 2 |  2.6
Dodging        | 3 |  3.5
Stealth        | |  2.6
Conjurations   | |  1.8

Action                   |  1- 3 |  4- 6 |  7- 9 || total
-------------------------+-------+-------+-------++-------
Melee: Unarmed           |     3 |       |       ||     3
       Club              |    50 |       |       ||    50
       Constrict         |    14 |    22 |    21 ||    57
       Tentacles         |    10 |    14 |    26 ||    50
       Spear             |    10 |    83 |   125 ||   218
 Cast: Sting             |    41 |       |     1 ||    42
       Poisonous Vapours |    17 |    22 |    10 ||    49
       Olgreb's Toxic Ra |       |     3 |     8 ||    11
       Mephitic Cloud    |       |       |     3 ||     3
  Use: Scroll            |     3 |       |       ||     3
       Potion            |       |     3 |     7 ||    10
 Stab: Sleeping          |     1 |     9 |     3 ||    13
       Distracted        |       |     1 |       ||     1
  Eat: Chunk             |     6 |     6 |     6 ||    18
       Ration            |       |       |     1 ||     1
Armor: Skin              |     6 |     4 |     6 ||    16
Dodge: Dodged            |    57 |    36 |    60 ||   153
Block: Other             |     2 |    11 |    20 ||    33

Table legend:
 A = Non-vault XP
 B = Vault XP
 C = Vault XP percentage of total XP
 D = Non-vault monster count
 E = Vault monster count
 F = Vault count percentage of total count
                 A         B        C        D         E       F
            +---------+---------+-------+---------+---------+-------
      Total |    1434 |     664 |  31.6 |     114 |       8 |   6.6
            +---------+---------+-------+---------+---------+-------
        D:1 |      58 |       7 |  10.8 |      27 |       4 |  12.9
        D:2 |     178 |       0 |   0.0 |      23 |       0 |   0.0
        D:3 |     108 |       0 |   0.0 |      26 |       0 |   0.0
        D:4 |     396 |     657 |  62.4 |      19 |       4 |  17.4
        D:5 |     145 |       0 |   0.0 |       9 |       0 |   0.0
        D:6 |     549 |       0 |   0.0 |      10 |       0 |   0.0
            +---------+---------+-------+---------+---------+-------

Levels and vault maps discovered:
D:1:      giann_wishing_wells, layout_basic, st_stairs_12, minmay_cut_off
D:2:      layout_rooms, supply_closet_lemuel
D:3:      layout_rooms, first_ration, nicolae_ru_the_path_less_chosen
D:4:      layout_basic, serial_bayou, serial_bayou_pond_e, serial_bayou_ford_a,
          serial_bayou_pond_d, serial_bayou_shore_a,
          hangedman_abyss_or_decor_lesser_grid, uniq_grinder, uniq_duvessa,
          uniq_edmund
D:5:      layout_cave_pools
D:6:      layout_loops_corners, old_standard_altar, serial_shops,
          nicolae_shop_competitors_out_of_business

Table legend:
 A = Turns spent in this place as a percentage of turns spent in the entire game.
 B = Non-inter-level travel turns spent in this place as a percentage of non-inter-level travel turns spent in the entire game.
 C = Inter-level travel turns spent in this place as a percentage of turns spent in this place.
 D = Turns resting spent in this place as a percentage of non-inter-level travel turns spent in this place.
 E = Turns spent auto-exploring this place as a percentage of non-inter-level travel turns spent in this place.
 F = Non-inter-level travel turns spent in this place divided by the number of levels of this place that you've seen.
                   A       B       C       D       E      F
               +-------+-------+-------+-------+-------+----------------------
         Total | 100.0 | 100.0 |   3.1 |  44.5 |  37.7 | 1034.2
       Dungeon | 100.0 | 100.0 |   3.1 |  44.5 |  37.7 | 1034.2
               +-------+-------+-------+-------+-------+----------------------

Table legend:
 A = Kills in this place as a percentage of kills in entire the game.
 B = Kills by you in this place as a percentage of kills by you in the entire game.
 C = Kills by friends in this place as a percentage of kills by friends in the entire game.
 D = Other kills in this place as a percentage of other kills in the entire game.
 E = Experience gained in this place as a percentage of experience gained in the entire game.
 F = Experience gained in this place divided by the number of levels of this place that you have seen.
                   A       B       C       D       E      F
               +-------+-------+-------+-------+-------+----------------------
         Total | 100.0 | 100.0 |   N/A |   N/A | 100.0 | 349.7
       Dungeon | 100.0 | 100.0 |   N/A |   N/A | 100.0 | 349.7
               +-------+-------+-------+-------+-------+----------------------
